Description

Friend played this in a TvZ game and thought it would help me out - maybe it'll do the same for you!

Replay - Wasa - hellion + lib opener w/ reaper to bio

Build Order

Get SALT Encoding   

  14  0:17  Supply Depot  
  15  0:40  Barracks  
  16  0:45  Refinery  
  19  1:29  Reaper, Orbital Command  
  20  1:45  Command Center  
  20  2:01  Supply Depot  
  22  2:11  Factory  
  22  2:22  Barracks Reactor  
  26  2:59  Command Center  
  26  3:02  Starport  
  26  3:07  Refinery  
  26  3:09  Orbital Command  
  27  3:23  Hellion x2  
  33  3:42  Liberator  
  37  3:52  Hellion x2  
  42  3:55  Supply Depot  
  43  4:11  Barracks Tech Lab  
  43  4:12  Orbital Command  
  49  4:27  Supply Depot  
  47  4:40  Siege Tank, Marine  
  47  4:42  Barracks x2  
  59  5:28  Barracks x2  
  55  4:50  Supply Depot, Engineering Bay  
  57  5:18  Refinery x2  
  59  5:25  Starport Reactor  
  62  5:30  Barracks Tech Lab  
  62  5:32  Barracks Reactor  
  64  5:38  Terran Infantry Weapons Level 1  
  67  5:55  Stimpack  
  75  6:18  Barracks x3  
  80  6:19  Refinery x2  
  80  6:20  Barracks Reactor x2  
  85  7:01  Liberator x2  
  93  7:13  Barracks Tech Lab x2  
  93  7:14  Barracks Reactor  
  110  7:34  Engineering Bay  
  110  7:35  Armory  
  134  8:28  Terran Vehicle Weapons Level 1  
  134  8:29  Terran Infantry Armor Level 1  
  139  8:56  Command Center  
  187  10:18  Orbital Command  
Spawning Tool Build Advisor. Get it on Overwolf

Go to:

Details

  • Created by: kenn104
  • Published on: Nov 23, 2024
  • Modified on: Nov 23, 2024
  • Patch: 5.0.11
  • Difficulty: Medium
Show
View Real Time Build Order
Export as new Build Order

Comments (0)

There are no comments. Be the first!

Create an account to comment!